 Dungeon Crawl Stone Soup version 0.24.0-13-gcf9b3192b9 (webtiles) character file.

Game seed: 16254469482165952297, levelgen mode: deterministic

138 Acheron the Chopper (level 5, -9/48 HPs)
             Began as a Gargoyle Gladiator on Nov 6, 2019.
             Mangled by a two-headed ogre
             ... wielding a +0 giant club
              (23 damage)
             ... on level 3 of the Dungeon.
             The game lasted 00:09:41 (2222 turns).

Acheron the Chopper (Gargoyle Gladiator)            Turns: 2222, Time: 00:09:41

Health: -9/48      AC: 11    Str: 23    XL:     5   Next: 21%
Magic:  5/5        EV: 11    Int:  8    God:
Gold:   55         SH:  4    Dex: 12    Spells: 4/4 levels left

rFire    . . .     SeeInvis .   a - +0 war axe
rCold    . . .     Gourm    .   t - +1 buckler
rNeg     + . .     Faith    .   h - +0 ring mail
rPois    ∞         Spirit   .   c - +0 helmet
rElec    +         Reflect  .   (no cloak)
rCorr    .         Harm     .   p - +0 pair of gloves
MR       .....                  (no boots)
Stlth    ..........             (no amulet)
HPRegen  0.16/turn              (no ring)
MPRegen  0.09/turn              (no ring)

@: berserking, very quick
A: negative energy resistance 1, electricity resistance, unbreathing,
petrification resistance, rot immunity, AC +4
a: no special abilities


You were on level 3 of the Dungeon.
You were not hungry.

You visited 1 branch of the dungeon, and saw 3 of its levels.

You collected 55 gold pieces.

Inventory:

Hand Weapons
 a - a +0 war axe (weapon)
 A - a +1 short sword of draining
Missiles
 d - 3 throwing nets
 i - 44 stones
 n - 84 sling bullets
 y - 10 poisoned darts (quivered)
 B - 2 javelins
Armour
 b - a +0 leather armour
 c - a +0 helmet (worn)
 h - a +0 ring mail (worn)
 p - a +0 pair of gloves (worn)
 t - a +1 buckler (worn)
Jewellery
 l - an uncursed ring of protection from fire {unknown}
 v - a cursed ring of teleportation {unknown}
Scrolls
 e - a scroll of blinking
 o - a scroll of teleportation
 s - a scroll of remove curse
Potions
 g - a potion of haste {unknown}
 k - a potion of resistance {unknown}
 q - a potion of berserk rage
 r - a potion of might {unknown}
 x - a potion of curing {unknown}
 z - a potion of agility {unknown}
 C - a potion of lignification {unknown}
Comestibles
 f - 5 rations
 j - a chunk of flesh


   Skills:
 * Level 2.8 Fighting
 + Level 3.4 Axes
 * Level 2.3 Throwing
 * Level 1.4 Armour
 * Level 3.1 Dodging
 * Level 1.5 Stealth
 * Level 1.0 Shields


You had 4 spell levels left.
You didn't know any spells.
Your spell library was empty.

Dungeon Overview and Level Annotations

Branches:
Dungeon (3/15)

Altars:
Cheibriados
Vehumet


Innate Abilities, Weirdness & Mutations

You are resistant to torment.
Your stone body is resilient. (AC +4)
You are immune to poison.
You resist negative energy. (rN+)
You are resistant to electric shocks. (rElec)
You can survive without breathing.
You are immune to petrification.
You are immune to rotting.


Message History

You slash the two-headed ogre!
The two-headed ogre is lightly wounded.
You slash the two-headed ogre!
The two-headed ogre is moderately wounded.
The two-headed ogre barely misses you.
The two-headed ogre hits you with a cursed +0 giant club!
You slice the two-headed ogre!!
The two-headed ogre is severely wounded.
The two-headed ogre hits you with a +0 giant club!
The two-headed ogre hits you with a cursed +0 giant club!!
* * * LOW HITPOINT WARNING * * *
You hit the two-headed ogre.
The two-headed ogre is almost dead.
You barely miss the two-headed ogre.
The two-headed ogre is almost dead.
The two-headed ogre closely misses you. You block the two-headed ogre's attack.
Your shield prevents you from hitting the two-headed ogre.
The two-headed ogre is almost dead.
The two-headed ogre hits you with a +0 giant club!!
You die...

#...)######..#.
###.......#..#.
#.......#..#.
#.......#..#.
#.......#..#.
####.......#..#.
........####..#.
#.###########.#.......
#....@O.............#.
................#...###.
..#.#########.#####.###.
.. ....# #...÷. . ####.#
###### .. .## .#


You could see a two-headed ogre.

Vanquished Creatures
  2 orc priests (D:3)
  An adder (D:3)
  An ooze (D:1)
  A worm (D:3)
  8 orcs (D:3)
  5 bats
  2 giant cockroaches (D:1)
  6 goblins
  A hobgoblin (D:3)
  7 jackals (D:1)
  A quokka (D:3)
  A ball python (D:3)
  4 frilled lizards
  8 kobolds
  8 rats
56 creatures vanquished.

Notes
Turn   | Place    | Note
-------+----------+-------------------------------------------
     0 | D:1      | Acheron the Gargoyle Gladiator began the quest for the Orb.
     0 | D:1      | Reached XP level 1. HP: 12/12 MP: 1/1
   107 | D:1      | Reached XP level 2. HP: 14/17 MP: 2/2
   680 | D:1      | Reached XP level 3. HP: 22/22 MP: 3/3
  1380 | D:2      | Found a radiant altar of Vehumet.
  1588 | D:3      | Reached XP level 4. HP: 26/27 MP: 4/4
  1614 | D:3      | Found a snail-covered altar of Cheibriados.
  1778 | D:3      | Noticed a two-headed ogre
  1878 | D:3      | Reached skill level 1 in Stealth
  1880 | D:3      | Reached skill level 1 in Armour
  1883 | D:3      | Reached skill level 1 in Shields
  1883 | D:3      | Reached XP level 5. HP: 16/31 MP: 5/5
  2222 | D:3      | Mangled by a two-headed ogre

Levels and vault maps discovered:
D:1:      scummos_arrival_star, layout_basic
D:2:      layout_loops_ring, fiery_altar_vehumet
D:3:      layout_basic, lemuel_doored_altar, overflow_temple_1_default,
          minmay_cupped

Skill      XL: |  1  2  3  4 |
---------------+-------------+-----
Axes           | 3 |  3.4
Throwing       | 2 |  2.3
Stealth        | 1 |  1.5
Armour         | 1 |  1.4
Dodging        | 3 |  3.1
Shields        | 1 |  1.0
Fighting       | |  2.8

Action                   |  1- 3 |  4- 6 || total
-------------------------+-------+-------++-------
Melee: War axe           |    88 |    56 ||   144
Throw: Dart              |       |     3 ||     3
  Use: Potion            |       |     2 ||     2
       Scroll            |       |     7 ||     7
  Eat: Chunk             |     2 |     2 ||     4
Armor: Leather armour    |    48 |    37 ||    85
       Ring mail         |       |     1 ||     1
Dodge: Dodged            |    61 |    43 ||   104
Block: Shield            |    24 |       ||    24
       Buckler           |     5 |    17 ||    22
